 Dungeon Crawl Stone Soup version 0.29.0-4-gdea44cf6ec (webtiles) character file.

Game seed: 7767256588305332268

619 qw the Chopper (level 7, -6/40 HPs)
             Began as a Tengu Warper on Aug 28, 2022.
             Mangled by a wraith (11 damage)
             ... on level 5 of the Dungeon.
             The game lasted 00:00:26 (4108 turns).

qw the Chopper (Tengu Warper)                       Turns: 4108, Time: 00:00:26

Health: -6/40      AC: 16    Str: 14    XL:     7   Next: 46%
Magic:  11/11      EV:  3    Int: 13    God:
Gold:   235        SH:  9    Dex: 13    Spells: 10/10 levels left

rFire   . . .      SeeInvis .   Y - +2 war axe
rCold   . . .      Faith    .   b - +0 kite shield
rNeg    . . .      Spirit   .   a - +0 plate armour
rPois   .          Reflect  .   (helmet restricted)
rElec   .          Harm     .   j - +0 cloak
rCorr   .          Rampage  .   (no gloves)
Will    +....                   (boots unavailable)
Stlth   ..........              (no amulet)
HPRegen 0.13/turn               c - ring of willpower
MPRegen 0.12/turn               d - +4 ring of protection

@: about to teleport, flying quickly and evasively, slowed, very slow
A: beak, talons 3, nimble flight
a: no special abilities


You were on level 5 of the Dungeon.
You visited 1 branch of the dungeon, and saw 5 of its levels.

You collected 235 gold pieces.


Innate Abilities, Weirdness & Mutations

You have a beak for a mouth.
You have claws for feet.
Your magical nature lets you fly swiftly and evasively.


   Skills:
 - Level 2.0 Fighting
 + Level 6.4 Axes
 - Level 1.0 Throwing
 - Level 3.5 Armour
 - Level 2.1 Dodging
 - Level 4.2 Shields
 - Level 2.0 Spellcasting
 - Level 2.4 Translocations


You had 10 spell levels left.
You didn't know any spells.
Your spell library contained the following spells:

 Spells                   Type           Power      Damage    Failure   Level
 Blink                    Tloc           14%        N/A       100%        2
 Gell's Gravitas          Tloc           7%         N/A       100%        3
 Lesser Beckoning         Tloc           7%         N/A       100%        3
 Teleport Other           Tloc           7%         N/A       100%        3
 Manifold Assault         Tloc           7%         N/A       100%        5

Inventory:

Hand Weapons
 i - a +0 mace
 Y - a +2 war axe (weapon)
Armour
 a - a +0 plate armour (worn)
 b - a +0 kite shield (worn)
 j - a +0 cloak (worn)
Jewellery
 c - a ring of willpower (left hand)
 d - a +4 ring of protection (right hand)
 n - a ring of positive energy
Scrolls
 e - 4 scrolls of identify
 l - a scroll of brand weapon {unknown}
 o - a scroll of poison {unknown}
Potions
 f - a potion of haste
 h - a potion of heal wounds
 k - a potion of degeneration {unknown}
 m - a potion of resistance
 p - 3 potions of curing

Dungeon Overview and Level Annotations

Branches:
Dungeon (5/15)
 Temple: D:4-7

Altars:
Ashenzari
Wu Jian

Shops:
D:1 !   D:5 :


Message History

The wraith hits you. The wraith drains your vigour!
You feel as though you will be slow longer.
The wraith hits you.
4088 ||| READING 2 scrolls of teleportation.
As you read the scroll of teleportation, it crumbles to dust.
You feel strangely unstable. The wraith completely misses you.
The wraith hits you.
4089 ||| DRINKING 2 potions of heal wounds.
You feel much better. The wraith hits you but does no damage.
You closely miss the wraith.
The wraith is severely damaged.
Your surroundings suddenly seem different.
You start resting.
A wraith is nearby!
You start resting.
A wraith is nearby!
You closely miss the wraith. You claw the wraith.
The wraith is severely damaged.
You block the wraith's attack. The wraith hits you but does no damage.
You closely miss the wraith. You claw the wraith, but do no damage.
The wraith is severely damaged.
You block the wraith's attack. The wraith hits you but does no damage.
You hit the wraith.
The wraith is almost destroyed.
You block the wraith's attack. The wraith hits you but does no damage.
You barely miss the wraith.
The wraith is almost destroyed.
The wraith hits you. The wraith hits you! The wraith drains your vigour!
You feel as though you will be slow longer.
You hit the wraith. Your kick misses the wraith.
The wraith is almost destroyed.
The wraith hits you! The wraith drains your vigour!
You feel as though you will be slow longer.
The wraith hits you but does no damage.
4108 ||| READING scroll of teleportation.
As you read the scroll of teleportation, it crumbles to dust.
You feel strangely unstable. The wraith hits you!
You die...

#..........# #..........#
#..........# #..........# #.
###..######## .## ... ..#.W #
#..# #....# .#..# ..#.
###..###.##.# ..####...
##[.........######...#....# ..
##.#......(.....@W##......# ...
...#..................>...###.#
#..#..............####.........
#..#.....###....### #.%%......
#.##.....# ##.#...####..W..###
#.#.....## #.###....#......####
..#>..### #.# ####%#..........
......# #.# #.#.....####.
......## #.. #...###.#


You could see a wraith.

Vanquished Creatures
  A phantom (D:5)
  2 necrophages
  2 orc priests (D:3)
  A gnoll bouda (D:3)
  A hound (D:5)
  2 iguanas
  Natasha (twice) (D:2)
  2 orc wizards (D:3)
  3 gnolls (D:3)
  7 adders
  A worm (D:3)
  A dart slug (D:1)
  4 orcs (D:3)
  7 bats
  6 endoplasms
  4 giant cockroaches
  4 goblins
  4 hobgoblins
  2 jackals (D:5)
  4 kobolds
  4 quokkas
  8 ball pythons
  4 frilled lizards
  2 rats
78 creatures vanquished.

Vanquished Creatures (others)
  2 fungi (D:1)
  9 plants
11 creatures vanquished.

Grand Total: 89 creatures vanquished

Notes
Turn   | Place    | Note
-------+----------+-------------------------------------------
     0 | D:1      | qw the Tengu Warper began the quest for the Orb.
     0 | D:1      | Reached XP level 1. HP: 12/12 MP: 4/4
     0 | D:1      | 0 ||| qw: Version: 0.1-a-89-g26bdef1
     0 | D:1      | 0 ||| qw: Game counter: 2373
     0 | D:1      | 0 ||| qw: Always use a shield: true
     0 | D:1      | 0 ||| qw: God list: Okawaru
     0 | D:1      | 0 ||| qw: Allow faded altars: false
     0 | D:1      | 0 ||| qw: Do Orc after D:15 true
     0 | D:1      | 0 ||| qw: Do second Lair branch before Depths: true
     0 | D:1      | 0 ||| qw: Lair rune preference: random
     0 | D:1      | 0 ||| qw: Plans: Normal
     0 | D:1      | 0 ||| PLANNING D:1-11
   148 | D:1      | 148 ||| SWAPPING to +0 war axe.
   149 | D:1      | 149 ||| DROPPING +0 hand axe.
   194 | D:1      | Reached XP level 2. HP: 17/17 MP: 6/6
   198 | D:1      | 198 ||| Stepping ~*~*~tactically~*~*~ (hiding).
   214 | D:1      | Reached skill level 3 in Axes
   215 | D:1      | 215 ||| Stepping ~*~*~tactically~*~*~ (hiding).
   317 | D:1      | 317 ||| Stepping ~*~*~tactically~*~*~ (hiding).
   351 | D:1      | Found Xiextyum's Distillery.
   416 | D:1      | 416 ||| SHOPLISTING potion of curing (42 gold, have 35).
   416 | D:1      | 416 ||| SHOPLISTING potion of haste (140 gold, have 35).
   416 | D:1      | 416 ||| SHOPLISTING potion of might (56 gold, have 35).
   416 | D:1      | 416 ||| SHOPLISTING potion of mutation (112 gold, have 35).
   416 | D:1      | 416 ||| SHOPLISTING potion of resistance (140 gold, have
                  | 35).
   505 | D:1      | Found a faded altar of an unknown god.
   517 | D:1      | 517 ||| DROPPING +0 club.
   671 | D:1      | 671 ||| UPGRADING to +0 plate armour.
   681 | D:1      | 681 ||| DROPPING +0 leather armour.
   682 | D:1      | 682 ||| DROPPING ring of wizardry.
   683 | D:1      | 683 ||| READING 2 scrolls labelled ZOAN GUMPAITU.
   686 | D:1      | 686 ||| READING 3 scrolls labelled FOEMULAWIL.
   687 | D:1      | 687 ||| READING scroll labelled JEOL BU FATISS.
   688 | D:1      | 688 ||| READING scroll labelled BOUTUE QILO.
   689 | D:1      | 689 ||| READING 2 scrolls of identify.
   689 | D:1      | 689 ||| IDENTIFYING ruby potion
   690 | D:1      | 690 ||| DROPPING scroll of blinking.
   705 | D:2      | 705 ||| STAIRDANCE
   716 | D:2      | Reached skill level 4 in Axes
   716 | D:2      | Reached XP level 3. HP: 12/21 MP: 7/7
   716 | D:2      | 716 ||| STAIRDANCE
   881 | D:2      | 881 ||| Stepping ~*~*~tactically~*~*~ (stealth).
   883 | D:2      | 883 ||| Stepping ~*~*~tactically~*~*~ (stealth).
   884 | D:2      | 884 ||| Stepping ~*~*~tactically~*~*~ (stealth).
   889 | D:2      | 889 ||| Stepping ~*~*~tactically~*~*~ (stealth).
   892 | D:2      | 892 ||| Stepping ~*~*~tactically~*~*~ (stealth).
   979 | D:2      | 979 ||| FLEEEEING.
   980 | D:2      | 980 ||| FLEEEEING.
   981 | D:2      | 981 ||| FLEEEEING.
   982 | D:2      | 982 ||| FLEEEEING.
   983 | D:2      | 983 ||| FLEEEEING.
   984 | D:2      | 984 ||| FLEEEEING.
   985 | D:2      | 985 ||| FLEEEEING.
   986 | D:2      | 986 ||| FLEEEEING.
   987 | D:2      | 987 ||| FLEEEEING.
   988 | D:2      | 988 ||| FLEEEEING.
   989 | D:2      | 989 ||| STAIRDANCE
  1080 | D:2      | Found an ornate altar of the Wu Jian Council.
  1127 | D:2      | Reached XP level 4. HP: 26/26 MP: 8/8
  1234 | D:2      | Noticed Natasha
  1238 | D:2      | Killed Natasha
  1545 | D:2      | Noticed Natasha
  1548 | D:2      | Killed Natasha
  1634 | D:2      | Reached skill level 5 in Axes
  1665 | D:2      | Gained mutation: Your magical nature lets you fly swiftly
                  | and evasively. [Tengu growth]
  1665 | D:2      | Reached XP level 5. HP: 26/30 MP: 9/9
  1709 | D:2      | 1709 ||| UPGRADING to +0 kite shield.
  1714 | D:2      | 1714 ||| UPGRADING to ring of willpower.
  1715 | D:2      | 1715 ||| READING scroll labelled HUG VAOTAESAM.
  1716 | D:2      | 1716 ||| DRINKING 3 brown potions.
  1753 | D:3      | 1753 ||| STAIRDANCE
  1811 | D:3      | Found a broken altar of Ashenzari.
  1828 | D:3      | Reached skill level 1 in Shields
  1874 | D:3      | 1874 ||| Stepping ~*~*~tactically~*~*~ (stealth).
  1917 | D:3      | 1917 ||| READING scroll of enchant weapon.
  1917 | D:3      | 1917 ||| ENCHANTING +1 war axe.
  2012 | D:3      | 2012 ||| Stepping ~*~*~tactically~*~*~ (hiding).
  2024 | D:3      | HP: 6/30 [gnoll/+0 club[a gnoll bouda] (4)]
  2025 | D:3      | 2025 ||| READING 2 scrolls of teleportation.
  2026 | D:3      | 2026 ||| DRINKING 2 potions of heal wounds.
  2114 | D:3      | 2114 ||| Stepping ~*~*~tactically~*~*~ (stealth).
  2204 | D:3      | Reached skill level 3 in Shields
  2204 | D:3      | Reached XP level 6. HP: 18/35 MP: 10/10
  2205 | D:3      | HP: 6/35 [something (3)]
  2471 | D:3      | 2471 ||| Stepping ~*~*~tactically~*~*~ (stealth).
  2473 | D:3      | 2473 ||| Stepping ~*~*~tactically~*~*~ (hiding).
  2474 | D:3      | 2474 ||| Stepping ~*~*~tactically~*~*~ (hiding).
  2752 | D:3      | 2752 ||| Stepping ~*~*~tactically~*~*~ (stealth).
  2754 | D:3      | 2754 ||| Stepping ~*~*~tactically~*~*~ (stealth).
  2768 | D:3      | Reached skill level 6 in Axes
  2901 | D:3      | 2901 ||| FLEEEEING.
  2902 | D:3      | 2902 ||| FLEEEEING.
  2905 | D:3      | 2905 ||| FLEEEEING.
  2906 | D:3      | 2906 ||| FLEEEEING.
  2907 | D:3      | 2907 ||| FLEEEEING.
  2908 | D:3      | 2908 ||| FLEEEEING.
  2909 | D:3      | 2909 ||| FLEEEEING.
  2910 | D:3      | 2910 ||| FLEEEEING.
  2911 | D:3      | 2911 ||| FLEEEEING.
  2912 | D:3      | 2912 ||| FLEEEEING.
  2913 | D:3      | 2913 ||| FLEEEEING.
  2914 | D:3      | 2914 ||| FLEEEEING.
  2915 | D:3      | 2915 ||| FLEEEEING.
  2916 | D:3      | 2916 ||| FLEEEEING.
  2917 | D:3      | 2917 ||| FLEEEEING.
  2918 | D:3      | 2918 ||| FLEEEEING.
  2925 | D:3      | 2925 ||| STAIRDANCE
  3130 | D:2      | 3130 ||| UPGRADING to +0 cloak.
  3135 | D:2      | 3135 ||| DROPPING scarf of shadows.
  3136 | D:2      | 3136 ||| UPGRADING to +4 ring of protection.
  3137 | D:2      | 3137 ||| READING scroll labelled ZYZE TEUGE.
  3138 | D:2      | 3138 ||| READING 6 scrolls of identify.
  3138 | D:2      | 3138 ||| IDENTIFYING fuming purple potion
  3139 | D:2      | 3139 ||| READING 5 scrolls of identify.
  3139 | D:2      | 3139 ||| IDENTIFYING lumpy grey potion
  3140 | D:2      | 3140 ||| READING 4 scrolls of identify.
  3140 | D:2      | 3140 ||| IDENTIFYING purple potion
  3141 | D:2      | 3141 ||| DROPPING potion of ambrosia.
  3347 | D:4      | 3347 ||| Stepping ~*~*~tactically~*~*~ (stealth).
  3881 | D:5      | Entered Level 5 of the Dungeon
  3899 | D:5      | Reached XP level 7. HP: 40/40 MP: 11/11
  3941 | D:5      | Found Senijeav's Book Boutique.
  4051 | D:5      | Reached skill level 3 in Armour
  4064 | D:5      | Noticed a wraith
  4065 | D:5      | 4065 ||| Stepping ~*~*~tactically~*~*~ (stealth).
  4087 | D:5      | HP: 7/40 [wraith (6)]
  4088 | D:5      | 4088 ||| READING 2 scrolls of teleportation.
  4089 | D:5      | 4089 ||| DRINKING 2 potions of heal wounds.
  4107 | D:5      | HP: 5/40 [wraith (9)]
  4108 | D:5      | 4108 ||| READING scroll of teleportation.
  4108 | D:5      | Mangled by a wraith

Levels and vault maps discovered:
D:1:      zaba_arrival_water, layout_rooms, serial_shops, nicolae_shop_crystal,
          dreamdust_ecumenical_altar_grove, hex_medium
D:2:      layout_loops_ring, basic_altar, kennysheep_pointless_box, uniq_natasha
D:3:      layout_loops_cross, amcnicky_altar_gilded, serial_aquarium,
          aquarium_bridge_long_joined [aquarium_subvault_window,
          aquarium_subvault_bridge, aquarium_subvault_bridge,
          aquarium_subvault_window, aquarium_subvault_window,
          aquarium_subvault_wall], aquarium_window_fake, aquarium_window_fake,
          aquarium_view_2d, aquarium_pool_five, nicolae_grassy_gnolls
D:4:      layout_cave_pools
D:5:      layout_rooms, minmay_temple_entry_fiery, serial_shops,
          nicolae_shop_statue_plus, minmay_chambers_of_fives, uniq_grinder

Skill      XL: |  1  2  3  4  5  6  7 |
---------------+----------------------+-----
Axes           | 4 5 6 |  6.4
Armour         | 2 3 |  3.5
Shields        | 3 4 |  4.2
Fighting       | |  2.0
Throwing       | |  1.0
Dodging        | |  2.1
Spellcasting   | |  2.0
Translocations | |  2.4

Action                   |  1- 3 |  4- 6 |  7- 9 || total
-------------------------+-------+-------+-------++-------
Melee: Hand axe          |     7 |       |       ||     7
       War axe           |    38 |   115 |    40 ||   193
       Kick              |     6 |    25 |     7 ||    38
       Peck              |     2 |    16 |     6 ||    24
Throw: Boomerang         |     7 |       |       ||     7
  Use: Scroll            |     5 |     7 |     2 ||    14
       Potion            |       |     2 |     1 ||     3
Armor: Leather armour    |     7 |       |       ||     7
       Plate armour      |    26 |    74 |    21 ||   121
Dodge: Dodged            |    11 |    14 |     9 ||    34
Block: Kite shield       |       |    42 |    22 ||    64

Table legend:
 A = Non-vault XP
 B = Vault XP
 C = Vault XP percentage of total XP
 D = Non-vault monster count
 E = Vault monster count
 F = Vault count percentage of total count
                 A         B        C        D         E       F
            +---------+---------+-------+---------+---------+-------
      Total |     570 |     315 |  35.6 |      70 |       8 |  10.3
            +---------+---------+-------+---------+---------+-------
        D:1 |      30 |       0 |   0.0 |      16 |       0 |   0.0
        D:2 |     112 |      33 |  22.8 |      20 |       1 |   4.8
        D:3 |     220 |      85 |  27.9 |      24 |       4 |  14.3
        D:4 |     127 |       0 |   0.0 |       6 |       0 |   0.0
        D:5 |      81 |     197 |  70.9 |       4 |       3 |  42.9
            +---------+---------+-------+---------+---------+-------
